 Dungeon Crawl Stone Soup version 0.31.0-1-g2c135a0 (webtiles) character file.

Game seed: 6928769334902978079

421 subcouture the Chopper (level 6, -4/56 HPs)
             Began as a Minotaur Fighter on Mar 28, 2024.
             Incinerated by a bombardier beetle (6 damage)
             ... with a burning spray
             ... on level 4 of the Dungeon.
             The game lasted 00:12:13 (3013 turns).

subcouture the Chopper (Minotaur Fighter)           Turns: 3013, Time: 00:12:14

Health: -4/56      AC:  7    Str: 22    XL:     6   Next: 62%
Magic:  5/5        EV: 24    Int:  5    God:
Gold:   158        SH:  5    Dex: 10    Spells: 5/5 levels left

rFire   . . .        a - +0 war axe
rCold   . . .        c - +0 buckler
rNeg    . . .        b - +0 scale mail
rPois   .            (helmet restricted)
rElec   .            (no cloak)
rCorr   .            (no gloves)
SInv    .            (no boots)
Will    .....        g - amulet of the acrobat Stlth
                     (no ring)
HPRegen 0.29/turn    (no ring)
MPRegen 0.09/turn

%: acrobat, clarity
@: on fire, acrobatic, glowing
A: horns 2, retaliatory headbutt, clarity, evolution 1
a: no special abilities


You were on level 4 of the Dungeon.
You visited 1 branch of the dungeon, and saw 4 of its levels.

You collected 158 gold pieces.

Inventory:

Hand Weapons
 a - a +0 war axe (weapon)
Missiles
 r - 4 stones (quivered)
Armour
 b - a +0 scale mail (worn)
 c - a +0 buckler (worn)
Jewellery
 g - an amulet of the acrobat (around neck)
 i - a ring of wizardry
 u - an amulet of faith
Talismans
 q - a flux talisman
Scrolls
 f - a scroll of vulnerability
 j - 2 scrolls of identify
 k - a scroll of fear
 m - a scroll of enchant armour {unknown}
 n - 2 scrolls of noise {unknown}
 o - a scroll of amnesia {unknown}
 s - a scroll of poison {unknown}
Potions
 d - a potion of might
 e - a potion of enlightenment {unknown}
 h - a potion of curing {unknown}
 l - a potion of mutation
 p - 2 potions of berserk rage {unknown}
 t - a potion of attraction {unknown}


   Skills:
 + Level 5.1 Fighting
 * Level 5.6 Axes
 + Level 5.3 Armour
 - Level 0.1 Dodging
 + Level 5.1 Shields


You had 5 spell levels left.
You didn't know any spells.
Your spell library was empty.

Dungeon Overview and Level Annotations

Branches:
Dungeon (4/15)
 Temple: D:4-7

Altars:
Gozag

Annotations:
D:3 3 runed translucent doors, joeMamaqwertyuiop's ghost, amateur DjFE


Innate Abilities, Weirdness & Mutations

You have a pair of horns on your head.
You reflexively headbutt those who attack you in melee.
You possess an exceptional clarity of mind.
You have hidden genetic potential.


Message History

The liquid fire burns you!
The hound bites you but does no damage. x2
You hit the bombardier beetle.
The bombardier beetle is severely wounded.
You closely miss the hound. The liquid fire burns you!
You block the hound's attack.
The bombardier beetle bites you but does no damage.
The hound barely misses you.
You barely miss the bombardier beetle.
The bombardier beetle is severely wounded.
You barely miss the hound. The liquid fire burns you!
You block the hound's attack. The bombardier beetle bites you.
You block the hound's attack.
You hit the bombardier beetle.
You kill the bombardier beetle!
You hit the hound but do no damage. The liquid fire burns you!
The hound bites you but does no damage. The hound bites you.
* * * LOW HITPOINT WARNING * * *
Your Shields skill increases to level 5!
You barely miss the hound.
The hound is heavily wounded.
The liquid fire burns you!
* * * LOW HITPOINT WARNING * * *
The hound bites you but does no damage.
You closely miss the hound. You headbutt the hound!
You kill the hound!
The liquid fire burns you!
* * * LOW HITPOINT WARNING * * *
You are on fire!
You shake off some of the fire as you move.
The liquid fire burns you!
* * * LOW HITPOINT WARNING * * *
It was a potion of mutation.
You feel extremely strange.
Your thoughts seem clearer.
You feel a hidden potential growing inside you.
The liquid fire burns you!
You die...

## #.# .#####.# .......#
...# ######## #...#
#...# #### #...# ##
##...###...# #..
##....†##...##...
#.....@.#...#....
#..?....'...'....
#########.......#...#...
#.......##.....##...##
###.#########...###....#
........# #.#### ##..##
###.###.# #.#
#.###.###.# #.# #.# #.#
#.........# #.###.###.#
#####.#####


There were no monsters in sight!

Vanquished Creatures
  A black bear (D:4)
  A scorpion (D:4)
  A hound (D:4)
  A bombardier beetle (D:4)
  An orc wizard (D:3)
  Robin (D:3)
  4 gnolls (D:3)
  5 adders
  2 dart slugs (D:1)
  4 orcs (D:3)
  4 ball pythons
  7 bats
  8 endoplasms
  6 giant cockroaches
  12 goblins
  10 hobgoblins
  2 jackals (D:3)
  3 quokkas (D:1)
  4 frilled lizards
  8 rats
85 creatures vanquished.

Notes
Turn   | Place    | Note
-------+----------+-------------------------------------------
     0 | D:1      | subcouture the Minotaur Fighter began the quest for the
                  | Orb.
     0 | D:1      | Reached XP level 1. HP: 19/19 MP: 0/0
    96 | D:1      | Reached XP level 2. HP: 27/27 MP: 1/1
   407 | D:1      | Reached XP level 3. HP: 33/33 MP: 2/2
  1761 | D:3      | Reached XP level 4. HP: 33/40 MP: 3/3
  1819 | D:3      | Found a runed translucent gate.
  1819 | D:3      | Found a runed translucent gate.
  1819 | D:3      | Found an opulent altar of Gozag.
  1819 | D:3      | Found a runed translucent gate.
  1821 | D:3      | Noticed joeMamaqwertyuiop's ghost (amateur DjFE)
  1821 | D:3      | Noticed an orc warrior
  2402 | D:3      | Reached XP level 5. HP: 47/47 MP: 4/4
  2675 | D:4      | Noticed Robin
  2685 | D:3      | Killed Robin
  2786 | D:4      | Noticed a black bear
  2788 | D:4      | Killed a black bear
  2789 | D:4      | Reached skill level 5 in Axes
  2789 | D:4      | Reached skill level 5 in Armour
  2789 | D:4      | Reached XP level 6. HP: 55/55 MP: 5/5
  2885 | D:4      | Reached skill level 5 in Fighting
  3010 | D:4      | Reached skill level 5 in Shields
  3012 | D:4      | HP: 2/56 [burnt (4)]
  3013 | D:4      | Gained mutation: You possess an exceptional clarity of
                  | mind. [potion of mutation]
  3013 | D:4      | Gained mutation: You have hidden genetic potential. [potion
                  | of mutation]
  3013 | D:4      | Incinerated by a bombardier beetle

Illustrated notes

Levels and vault maps discovered:
D:1:      spicycebolla_green_bress_n_ham, layout_loops_corners,
          minmay_misc_feat_hallway
D:2:      layout_basic, minmay_curled_crystal, minmay_misc_feat_doors
D:3:      layout_basic, ebering_ghost_gozag, glass_columns_c, minmay_surrounded
D:4:      kennysheep_six_static_rooms, layout_loops_corners, uniq_robin

Skill      XL: |  1  2  3  4  5  6 |
---------------+-------------------+-----
Armour         | 4 5 |  5.3
Fighting       | 4 5 |  5.1
Axes           | 3 4 5 |  5.6
Shields        | 4 5 |  5.1
Dodging        | |  0.1

Action                     |  1- 3 |  4- 6 || total
---------------------------+-------+-------++-------
  Melee: War axe           |    74 |    98 ||   172
         Headbutt          |     1 |    12 ||    13
  Throw: Stone             |       |    14 ||    14
    Use: Scroll            |     3 |     1 ||     4
         Potion            |       |     1 ||     1
 Armour: Scale mail        |    42 |    67 ||   109
  Dodge: Dodged            |    43 |    51 ||    94
  Block: Buckler           |    25 |    26 ||    51
